AoeStats
← 清華校草

Nomad

510315397Analyzed
3v3 RM · 2d ago on Sep 30, 2026· 39m 45s· 6 players
Game mode
Random Map
Map size
210×210
Population
200
Speed
Normal
Resources
Standard
Victory
Conquest
Starting age
Dark Age
Ending age
Imperial Age
RankedLock teamsTeams togetherTeam positionsShared explorationLock speedFull tech treeHidden civsTurbo modeCheats
Victory
Defeat
🇹🇼 Danes · Taiwan
1131
+10
🇹🇼 Khmer · Taiwan
1106
+11
🇹🇼 Vietnamese · Taiwan
1100
+11
🇧🇷 Bohemians · Brazil
1043
-12
🇹🇼 Varangians · Taiwan
995
-10
🇨🇳 Wei · China
962
-10
ABCDEFG
13:32 Feudal Age
15:35 Wheelbarrow
19:52 Castle Age
18:07 Horse Collar
20:30 Double-Bit Axe
24:11 Heavy Plow
27:56 Bow Saw
29:24 Pikeman
30:45 Ballistics
32:56 Hand Cart
38:57 Imperial Age
37:47 Loom
39:42 Chemistry
开局投降是歹人
6:15 Loom
13:42 Feudal Age
14:10 Double-Bit Axe
15:52 Horse Collar
28:29 Castle Age
26:26 Fletching
SASHIME
7:42 Loom
15:50 Feudal Age
19:38 Castle Age
22:11 Bloodlines
27:28 Husbandry
29:52 Forging
30:47 Wheelbarrow
35:45 Imperial Age
34:27 Double-Bit Axe
35:49 Hand Cart
36:00 Vendel Legacy
38:09 Iron Casting
37:40 Squires
38:21 Man-at-Arms
se972130
5:42 Loom
14:46 Feudal Age
15:37 Town Watch
20:01 Castle Age
18:18 Fishing Lines
19:36 Scale Barding Armor
20:02 Bloodlines
20:03 Double-Bit Axe
20:45 Forging
23:03 Chain Barding Armor
27:11 Bow Saw
28:04 Husbandry
30:50 Wheelbarrow
30:13 Gillnets
33:58 Fletching
34:38 Horse Collar
36:09 Light Cavalry
39:43 Iron Casting
39:04 Bodkin Arrow
39:29 Hand Cart
39:14 Town Patrol
39:48 Town Patrol
DumboBean
6:52 Loom
16:19 Feudal Age
17:21 Gold Mining
18:31 Wheelbarrow
17:50 Double-Bit Axe
21:11 Fishing Lines
24:51 Castle Age
22:57 Stone Mining
25:07 Horse Collar
27:00 Bow Saw
30:27 Imperial Age
28:52 Fletching
29:03 Padded Archer Armor
29:33 Gillnets
31:01 Thumb Ring
32:33 Paper Money
35:06 Two-Man Saw
35:29 Hand Cart
36:01 Town Watch
36:53 Ballistics
36:37 Bodkin Arrow
37:36 Bracer
37:52 Leather Archer Armor
40:20 Chemistry
39:03 Treadmill Crane
清華校草
4:03 Loom
14:20 Feudal Age
18:49 Castle Age
16:43 Fishing Lines
17:05 Double-Bit Axe
18:23 Fletching
19:55 Bow Saw
24:41 Gillnets
26:40 Wheelbarrow
33:12 Squires
32:57 Arson
32:58 Gambesons
33:42 Hand Cart
36:48 Imperial Age
34:38 Hamask
35:40 Scale Mail Armor
35:51 Forging
38:02 Conscription
38:00 Chain Mail Armor
38:22 Iron Casting
38:26 Elite Jomsviking
40:20 Blast Furnace
Connection lost

Rejoining the realm…

Still unreachable

The connection could not be restored.

Session expired

The server has moved on; the page needs a fresh start.